 Dungeon Crawl Stone Soup version 0.31-a0-917-ga885b83477 (webtiles) character file.

Game seed: 7575097233421727466

217 CrazyBamboolord the Trooper (level 5, -10/58 HPs)
             Began as an Ogre Fighter on Oct 17, 2023.
             Mangled by a gnoll
             ... wielding a +0 halberd
              (12 damage)
             ... on level 2 of the Dungeon.
             The game lasted 00:01:02 (993 turns).

CrazyBamboolord the Trooper (Ogre Fighter)           Turns: 993, Time: 00:01:03

Health: -10/58     AC:  3    Str: 22    XL:     5   Next: 94%
Magic:  5/5        EV:  9    Int:  9    God:
Gold:   29         SH:  7    Dex:  8    Spells: 4/4 levels left

rFire   . . .        a - +0 war axe
rCold   . . .        c - +0 kite shield
rNeg    . . .        b - +0 robe
rPois   .            (helmet restricted)
rElec   .            (no cloak)
rCorr   .            (gloves unavailable)
SInv    .            (boots unavailable)
Will    .....        (no amulet)
Stlth   +            (no ring)
HPRegen 0.29/turn    (no ring)
MPRegen 0.09/turn

%: no passive effects
@: no status effects
A: large, unfitting armour, tough skin 1
a: no special abilities


You were on level 2 of the Dungeon.
You visited 1 branch of the dungeon, and saw 2 of its levels.

You collected 29 gold pieces.

Inventory:

Hand Weapons
 a - a +0 war axe (weapon)
Armour
 b - a +0 robe (worn)
 c - a +0 kite shield (worn)
Jewellery
 f - an amulet of reflection
Scrolls
 g - a scroll of brand weapon {unknown}
 i - a scroll of poison {unknown}
 j - a scroll of identify {unknown}
 k - a scroll of immolation {unknown}
Potions
 d - 2 potions of might
 e - a potion of cancellation {unknown}
 h - a potion of mutation {unknown}
 l - a potion of magic
 m - a potion of enlightenment {unknown}
 n - a potion of haste {unknown}


   Skills:
 * Level 5.6 Fighting
 * Level 3.5 Axes
 * Level 3.8 Dodging
 + Level 3.7 Shields


You had 4 spell levels left.
You didn't know any spells.
Your spell library contained the following spells:

 Spells                   Type           Power      Damage    Failure   Level
 Magic Dart               Conj           0%         1d3       67%         1
 Necrotise                Necr           0%         1d4       67%         1
 Searing Ray              Conj           0%         2d4       80%         2
 Vampiric Draining        Necr           0%         2d6       95%         3
 Fulminant Prism          Conj/Hex       0%         3d5       100%        4
 Agony                    Necr           0%         N/A       100%        5


Dungeon Overview and Level Annotations

Branches:
Dungeon (2/15)

Altars:


Innate Abilities, Weirdness & Mutations

You are too large for most types of armour.
You have tough skin. (AC +1)


Message History

The gnoll closely misses you.
Unknown command.
The gnoll attacks as it pursues you! The gnoll hits you with a +0 club.
The gnoll attacks as it pursues you! The gnoll hits you but does no damage.
The gnoll attacks as it pursues you! The gnoll completely misses you.
The gnoll attacks as it pursues you!
The gnoll hits you from afar with a +0 halberd.
The gnoll attacks as it pursues you! The gnoll hits you with a +0 club.
You barely miss the gnoll.
The gnoll is moderately wounded.
You block the gnoll's attack.
You hit the gnoll.
The gnoll is almost dead.
You slash the gnoll!
The gnoll is severely wounded.
You block the gnoll's attack.
You slash the gnoll!
You kill the gnoll!
The gnoll closely misses you.
The gnoll hits you from afar with a +0 halberd!
You barely miss the gnoll.
The gnoll is almost dead.
You block the gnoll's attack. The gnoll barely misses you.
You closely miss the gnoll.
The gnoll is almost dead.
The gnoll hits you with a +0 club. You block the gnoll's attack.
The gnoll closely misses you.
The gnoll hits you from afar with a +0 halberd.
* * * LOW HITPOINT WARNING * * *
You barely miss the gnoll.
The gnoll is almost dead.
The gnoll hits you with a +0 club!
* * * LOW HITPOINT WARNING * * *
The gnoll hits you from afar with a +0 halberd!
* * * LOW HITPOINT WARNING * * *
Unknown command.
It was a potion of magic.
Magic courses through your body. The gnoll misses you.
The gnoll hits you from afar with a +0 halberd!
You die...

#.# #######.#
......... ......#.##
.........# #..g#
######## # ###g#
#......# # #g#
#......### #
###@###......†.#####
##....#.......#......
#....†........####...
#..............####.##
#............###......
#............##.......
##..^.......##........
##...##...###........
########## #........


You could see 3 gnolls.

Vanquished Creatures
  Sigmund (D:2)
  2 gnolls
  An adder (D:2)
  2 dart slugs (D:1)
  5 ball pythons
  2 endoplasms
  2 goblins (D:1)
  2 hobgoblins (D:1)
  3 kobolds (D:1)
  2 quokkas
  3 bats (D:1)
  2 frilled lizards (D:2)
  A rat (D:2)
28 creatures vanquished.

Notes
Turn   | Place    | Note
-------+----------+-------------------------------------------
     0 | D:1      | CrazyBamboolord the Ogre Fighter began the quest for the
                  | Orb.
     0 | D:1      | Reached XP level 1. HP: 24/24 MP: 1/1
   135 | D:1      | Reached XP level 2. HP: 13/32 MP: 2/2
   373 | D:1      | Reached XP level 3. HP: 38/40 MP: 3/3
   735 | D:2      | Noticed Sigmund
   745 | D:2      | Killed Sigmund
   746 | D:2      | Reached skill level 5 in Fighting
   746 | D:2      | Reached XP level 4. HP: 38/50 MP: 4/4
   746 | D:2      | Reached XP level 5. HP: 44/57 MP: 5/5
   992 | D:2      | HP: 2/58 [gnoll/+0 halberd (7)]
   993 | D:2      | Mangled by a gnoll

Illustrated notes

Levels and vault maps discovered:
D:1:      reono_arrival_mine, layout_rooms, columned_hall_lemuel,
          chequers_serial_rivers_room_a
D:2:      layout_rooms, serial_curves, eino_curves_04, eino_curves_04,
          uniq_sigmund, uniq_natasha

Skill      XL: |  1  2  3 |
---------------+----------+-----
Dodging        | 3 |  3.8
Fighting       | 5 |  5.6
Axes           | 3 |  3.5
Shields        | |  3.7

Action                     |  1- 3 |  4- 6 || total
---------------------------+-------+-------++-------
  Melee: War axe           |    42 |    30 ||    72
    Use: Potion            |       |     1 ||     1
 Armour: Robe              |    37 |    30 ||    67
  Dodge: Dodged            |    11 |    18 ||    29
  Block: Kite shield       |    12 |    14 ||    26

Table legend: (Time is in decaauts)
 A = Elapsed time spent in this place.
 B = Non-inter-level travel time spent in this place.
 C = Inter-level travel time spent in this place.
 D = Time resting spent in this place.
 E = Time spent auto-exploring this place.
 F = Levels seen in this place.
 G = Mean time per level.
                   A        B        C        D        E       F      G
               +--------+--------+--------+--------+--------+-----+--------+
         Total |   1028 |    981 |     47 |      0 |    780 |   2 |  514.0 |
       Dungeon |   1028 |    981 |     47 |      0 |    780 |   2 |  514.0 |
               +--------+--------+--------+--------+--------+-----+--------+

Top non-repeatable levels by time:
     D:1: 729 daAuts
     D:2: 299 daAuts
